 Dungeon Crawl Stone Soup version 0.17-a0-1719-g1afd5a1 (webtiles) character file.

112 Magnus the Magician (level 4, -8/34 HPs)
             Began as a Mummy Skald on Aug 28, 2015.
             Mangled by Natasha (9 damage)
             ... on level 3 of the Dungeon.
             The game lasted 00:06:54 (2532 turns).

Magnus the Magician (Mummy Skald)                   Turns: 2532, Time: 00:06:54

Health: -8/34      AC:  3    Str: 16    XL:     4   Next: 63%
Magic:  8/8        EV: 11    Int: 11    God:
Gold:   90         SH:  0    Dex: 11    Spells: 1 memorised, 7 levels left

rFire  x . .     SeeInvis .     h - +1 dagger (speed)
rCold  + . .     Clarity  .     b - +0 leather armour
rNeg   + + +     SustAt   .     (no shield)
rPois  ∞         Gourm    .     (no helmet)
rElec  .         Spirit   .     (no cloak)
rCorr  .         Warding  .     (no gloves)
rMut   .         Stasis   .     (no boots)
MR     .....                    (no amulet)
Stlth  +.........               (no ring)
                                (no ring)

@: slowed, very slow, not resistant to hostile enchantments, very unstealthy
A: no food or potions, fire vulnerability, cold resistance 1, negative energy
resistance 3, torment resistance, unbreathing
a: no special abilities


You were on level 3 of the Dungeon.
You were not hungry.

You visited 1 branch of the dungeon, and saw 3 of its levels.

You collected 90 gold pieces.

Inventory:

Hand weapons
 a - a +0 falchion
 h - a +1 dagger of speed (weapon)
Missiles
 g - 14 stones (quivered)
Armour
 b - a +0 leather armour (worn)
Scrolls
 d - 3 scrolls of identify {unknown}
 e - a scroll of immolation {unknown}
 f - a scroll of teleportation {unknown}
 i - a scroll of fog {unknown}
Books
 c - a book of Battle

   Spells                             Type                      Level
   a - Infusion                       Charms                       1
   b - Shroud of Golubria             Charms/Translocation         2
   c - Song of Slaying                Charms                       2
   d - Spectral Weapon                Hexes/Charms                 3
   e - Regeneration                   Charms/Necromancy            3


   Skills:
 + Level 2.4 Fighting
 * Level 2.7 Long Blades
 - Level 0.7 Armour
 + Level 1.6 Dodging
 + Level 2.8 Spellcasting
 + Level 2.7 Charms


You had 7 spell levels left.
You knew the following spells:

 Your Spells              Type           Power        Failure   Level  Hunger
a - Infusion              Chrm           #.....       14%         1    N/A

Dungeon Overview and Level Annotations

Branches:
Dungeon (3/15)

Altars:

Annotations:
D:3 Natasha


Innate Abilities, Weirdness & Mutations

You do not eat or drink.
Your flesh is vulnerable to fire.
You are immune to poison.
Your flesh is cold resistant.
You are immune to negative energy.
You are immune to unholy pain and torment.
You can survive without breathing.


Message History

Natasha stares at thin air and mumbles some strange words.
Natasha extends her claws.
Your magical infusion is running out.
Natasha barely misses you.
Natasha stares at you and mumbles some strange words.
The magic dart hits you!
* * * LOW HITPOINT WARNING * * *
Natasha stares at you and mumbles some strange words.
The magic dart hits you!
* * * LOW HITPOINT WARNING * * *
You can't drink.
Read which item? (? for menu, Esc to quit)
Okay, then.
Read which item? (? for menu, Esc to quit)
Okay, then.
You barely miss Natasha.
Natasha is moderately wounded.
You are no longer magically infusing your attacks.
Natasha claws you!
You die...

####################
#...........#.......
#...........#.##....
.######...........#.##....
.................÷#.##....
#####....................
###.5h@............)...
###.#.##########.........
...#.# #......... ##.#5#
#......... #..[.#
#......... #....#
#........% #..†.#
#.....#### .......(.
#.....# ...###.#.###


You could see Natasha and a shadow imp.

Vanquished Creatures
  Natasha (D:3)
  4 adders (D:2)
  A worm (D:2)
  6 bats
  A giant cockroach (D:2)
  7 goblins
  4 hobgoblins
  4 jackals (D:1)
  7 kobolds
  A giant gecko (D:3)
  5 giant newts
  6 rats
47 creatures vanquished.

Notes
Turn   | Place    | Note
--------------------------------------------------------------
     0 | D:1      | Magnus the Mummy Skald began the quest for the Orb.
     0 | D:1      | Reached XP level 1. HP: 16/16 MP: 3/3
   169 | D:1      | Reached skill level 1 in Dodging
   193 | D:1      | Reached XP level 2. HP: 22/22 MP: 5/5
  1132 | D:2      | Reached XP level 3. HP: 22/27 MP: 6/6
  1793 | D:2      | Reached XP level 4. HP: 30/34 MP: 0/7
  2260 | D:3      | Noticed Natasha
  2272 | D:3      | Killed Natasha
  2517 | D:3      | Noticed Natasha
  2531 | D:3      | HP: 1/34 [Natasha/magic dart (8)]
  2532 | D:3      | Mangled by Natasha

Vault maps used:
D:1:      dpeg_arrival_another_circle
D:2:      first_bread
D:3:      lemuel_castle_with_subvaults, grunt_gozag_statues, lemuel_round_altar,
          uniq_natasha, uniq_jessica

Action                   |  1- 3 |  4- 6 || total
-------------------------+-------+-------++-------
Melee: Falchion          |   136 |     5 ||   141
       Dagger            |       |    47 ||    47
Throw: Stone             |    27 |     5 ||    32
 Cast: Infusion          |     4 |     2 ||     6
